AoeStats
← fire

Arena

509327824Analyzed
2v2 RM · 6d ago on Sep 26, 2026· 53m 37s· 4 players
Game mode
Random Map
Map size
Medium (4 player)
Population
200
Speed
Normal
Resources
Standard
Victory
Conquest
Starting age
Dark Age
Ending age
Imperial Age
RankedLock teamsTeams togetherTeam positionsShared explorationLock speedFull tech treeHidden civsTurbo modeCheats
Victory
Defeat
🇹🇷 Ethiopians · Türkiye
1215
+10
🇩🇰 Inca · Denmark
1201
+10
🇷🇺 Mongols · Russia
1085
-10
🇪🇸 Byzantines · Spain
1070
-10
fire
11:03 Feudal Age
15:03 Castle Age
13:29 Double-Bit Axe
15:29 Bloodlines
16:25 Scale Barding Armor
16:41 Horse Collar
20:02 Heavy Plow
28:42 Wheelbarrow
32:32 Imperial Age
29:53 Loom
30:26 Hand Cart
31:03 Bow Saw
30:50 Gold Mining
31:23 Husbandry
31:39 Fletching
32:22 Town Watch
34:06 Gold Shaft Mining
34:13 Bodkin Arrow
35:29 Ballistics
35:52 Bracer
35:52 Padded Archer Armor
37:57 Leather Archer Armor
38:22 Parthian Tactics
37:35 Elite Mangudai
38:04 Light Cavalry
41:24 Chemistry
40:50 Forging
40:40 Scale Mail Armor
41:03 Chain Barding Armor
42:21 Conscription
42:11 Thumb Ring
42:15 Hussar
44:43 Iron Casting
47:23 Drill
51:57 Elite Skirmisher
Elmarques
4:40 Loom
5:03 Loom
11:03 Feudal Age
15:39 Castle Age
13:53 Double-Bit Axe
15:39 Horse Collar
22:32 Husbandry
25:00 Scale Barding Armor
26:01 Husbandry
27:11 Padded Archer Armor
27:33 Chain Barding Armor
27:31 Gold Mining
27:46 Elite Skirmisher
30:10 Wheelbarrow
29:59 Forging
30:05 Leather Archer Armor
30:31 Fletching
31:23 Heavy Plow
31:36 Bow Saw
31:04 Light Cavalry
33:37 Bodkin Arrow
34:00 Hand Cart
36:21 Imperial Age
37:57 Pikeman
38:37 Squires
41:30 Ballistics
41:21 Fortified Wall
44:10 Bracer
45:43 Hussar
48:23 Crop Rotation
52:42 Plate Barding Armor
Deluxeness ツ
6:37 Loom
9:45 Feudal Age
10:47 Double-Bit Axe
16:43 Castle Age
16:45 Scale Mail Armor
18:35 Bow Saw
18:07 Pikeman
20:48 Horse Collar
21:57 Fletching
21:33 Elite Skirmisher
23:40 Bodkin Arrow
26:25 Chain Mail Armor
28:15 Padded Archer Armor
29:52 Stone Mining
30:00 Gold Mining
30:29 Squires
31:15 Leather Archer Armor
32:14 Wheelbarrow
32:05 Ballistics
32:30 Heavy Plow
37:41 Imperial Age
35:01 Town Watch
39:31 Plate Mail Armor
39:05 Halberdier
39:08 Capped Ram
39:53 Bracer
40:24 Ring Archer Armor
42:01 Conscription
42:32 Forging
44:31 Chemistry
44:09 Iron Casting
44:56 Hand Cart
46:47 Thumb Ring
46:03 Siege Ram
48:42 Blast Furnace
51:34 Siege Engineers
adnanca
10:36 Feudal Age
12:01 Double-Bit Axe
14:41 Castle Age
14:44 Fletching
15:33 Bow Saw
16:06 Horse Collar
18:17 Gold Mining
20:19 Loom
21:13 Wheelbarrow
20:01 Crossbowman
21:24 Bodkin Arrow
23:18 Padded Archer Armor
24:20 Leather Archer Armor
24:28 Ballistics
25:38 Thumb Ring
31:31 Imperial Age
30:18 Heavy Plow
32:04 Hand Cart
32:33 Bracer
33:36 Chemistry
33:55 Two-Man Saw
33:01 Arbalester
34:41 Ring Archer Armor
41:01 Gold Shaft Mining
40:33 Stone Mining
42:18 Stone Shaft Mining
43:30 Town Watch
51:31 Murder Holes
51:46 Masonry
52:18 Conscription
53:46 Architecture
53:03 Elite Shotel Warrior
53:45 Scale Mail Armor
53:55 Forging
53:48 Squires
53:33 Arson
Connection lost

Rejoining the realm…

Still unreachable

The connection could not be restored.

Session expired

The server has moved on; the page needs a fresh start.